 Dungeon Crawl Stone Soup version 0.19-a0-1672-g679cadd (webtiles) character file.

7 Amnesiac the Ogre Mage (level 2, 0/24 HPs)
             Began as an Ogre Wizard on Sept 23, 2016.
             Slain by a hobgoblin
             ... wielding a +0 club
              (3 damage)
             ... on level 1 of the Dungeon.
             The game lasted 00:01:34 (295 turns).

Amnesiac the Ogre Mage (Ogre Wizard)                 Turns: 295, Time: 00:01:35

Health: 0/24       AC:  3    Str: 11    XL:     2   Next: 4%
Magic:  0/7        EV: 10    Int: 17    God:
Gold:   0          SH:  0    Dex:  8    Spells: 1 memorised, 8 levels left

rFire  . . .     SeeInvis .     f - +0 dagger
rCold  . . .     Gourm    .     a - +0 robe
rNeg   . . .     Faith    .     (no shield)
rPois  .         Spirit   .     b - +0 hat
rElec  .         Dismiss  .     (no cloak)
rCorr  .         Reflect  .     (gloves unavailable)
MR     +....     Harm     .     (boots unavailable)
Stlth  +.........               (no amulet)
                                (no ring)
                                e - ring of protection from magic

@: very slightly contaminated
A: unfitting armour, tough skin 1
a: no special abilities


You were on level 1 of the Dungeon.
You were not hungry.

You visited 1 branch of the dungeon, and saw 1 of its levels.

Inventory:

Hand Weapons
 f - a +0 dagger (weapon)
Armour
 a - a +0 robe (worn)
 b - a +0 hat (worn)
Jewellery
 e - a ring of protection from magic (left hand)
Scrolls
 g - a scroll of identify {unknown}
Books
 c - a book of Minor Magic

   Spells                             Type                      Level
   a - Magic Dart                     Conjuration                  1
   b - Blink                          Translocation                2
   c - Call Imp                       Summoning                    2
   d - Repel Missiles                 Charms/Air                   2
   e - Slow                           Hexes                        2
   f - Conjure Flame                  Conjuration/Fire             3
   g - Mephitic Cloud                 Conjuration/Poison/Air       3
Comestibles
 d - a bread ration


   Skills:
 - Level 1.7 Dodging
 - Level 1.5 Stealth
 - Level 4.0 Spellcasting
 + Level 1.0 Conjurations
   Level 0.6 Summonings
   Level 0.6 Translocations


You had 8 spell levels left.
You knew the following spells:

 Your Spells              Type           Power        Failure   Level  Hunger
z - Magic Dart            Conj           #...         12%         1    None


Dungeon Overview and Level Annotations

Branches:
Dungeon (1/15)

Altars:


Innate Abilities, Weirdness & Mutations

You are too large for most types of armour.
You have tough skin. (AC +1)


Message History

Aiming: Magic Dart
Press: ? - help, Shift-Dir - straight line, f/p - hobgoblin
Aim: a hobgoblin, wielding a club (moderately wounded)
The magic dart hits the hobgoblin.
The hobgoblin is severely wounded.
The hobgoblin hits you with a club.
* * * LOW HITPOINT WARNING * * *
Your magical contamination has completely faded away.
Things that are here:
a ball python corpse; a giant cockroach corpse You see here a goblin corpse.
Casting: Magic Dart
Confirm with . or Enter, or press ? or * to list all spells.
Aiming: Magic Dart
Press: ? - help, Shift-Dir - straight line, f/p - hobgoblin
Aim: a hobgoblin, wielding a club (heavily wounded)
You miscast Magic Dart.
You are very lightly contaminated with residual magic.
Nothing appears to happen.
The hobgoblin hits you with a club.
You die...

..# ... #.# .###########
..... #.# .†.........# ...
#.# .###.....#.# ... #.#
#.......#######.######.#####
##.#.#.....................#
#.#....### ###.######.###.#
..##.#.#####@.........# #.#
#####.†(†K.bg...######## #.#
#.#.#####.### #.# #.#.# #.#
#.# #.#.# #.. #.# #K#.# ####
#.# #b#K# #.# #.#.# #.#
#...# #.#


You could see a hobgoblin, a bat and a kobold.

Vanquished Creatures
  A dart slug (D:1)
  A ball python (D:1)
  A giant cockroach (D:1)
  A goblin (D:1)
  A frilled lizard (D:1)
5 creatures vanquished.

Notes
Turn   | Place    | Note
-------+----------+-------------------------------------------
     0 | D:1      | Amnesiac the Ogre Wizard began the quest for the Orb.
     0 | D:1      | Reached XP level 1. HP: 16/16 MP: 5/5
   189 | D:1      | Reached skill level 4 in Spellcasting
   248 | D:1      | Reached skill level 1 in Conjurations
   248 | D:1      | Reached XP level 2. HP: 24/24 MP: 0/7
   295 | D:1      | Slain by a hobgoblin

Vault maps used:
D:1:      lightli_arrival_statuegarden, kennysheep_minor_cross

Skill      XL: |  1 |
---------------+----+-----
Spellcasting   | 4 |  4.0
Conjurations   | 1 |  1.0
Dodging        | |  1.7
Stealth        | |  1.5
Summonings     | |  0.6
Translocations | |  0.6

Action                   || total
-------------------------++-------
Melee: Dagger            ||    26
 Cast: Magic Dart        ||    13
Armor: Robe              ||     7
Dodge: Dodged            ||    20
